 Dungeon Crawl Stone Soup version 0.22.0-21-g8bd1b0a76a (webtiles) character file.

56 Elric the Magician (level 3, -2/26 HPs)
             Began as a Gnoll Wizard on Aug 19, 2018.
             Slain by an adder (3 damage)
             ... on level 2 of the Dungeon.
             The game lasted 00:06:32 (1426 turns).

Elric the Magician (Gnoll Wizard)                   Turns: 1426, Time: 00:06:33

Health: -2/26      AC:  3    Str:  9    XL:     3   Next: 95%
Magic:  11/11      EV: 14    Int: 21    God:
Gold:   37         SH:  0    Dex: 13    Spells: 3/16 levels left

rFire    . . .     SeeInvis .     - Unarmed
rCold    . . .     Gourm    .   (no shield)
rNeg     . . .     Faith    .   a - +0 robe
rPois    .         Spirit   .   b - +0 hat
rElec    .         Reflect  .   (no cloak)
rCorr    .         Harm     .   g - +0 pair of gloves
MR       .....                  (no boots)
Stlth    +++.......             (no amulet)
HPRegen  0.08/turn              (no ring)
MPRegen  0.12/turn              (no ring)

@: lethally poisoned (-2 -> -8)
A: distributed training, fangs 1, strong nose
a: no special abilities


You were on level 2 of the Dungeon.
You were not hungry.

You visited 1 branch of the dungeon, and saw 2 of its levels.

You collected 37 gold pieces.

Inventory:

Armour
 a - a +0 robe (worn)
 b - a +0 hat (worn)
 g - a +0 pair of gloves (worn)
Scrolls
 f - 2 scrolls of identify {unknown}
 h - a scroll of enchant armour {unknown}
 k - a scroll of enchant weapon {unknown}
 l - a scroll of random uselessness {unknown}
Potions
 c - a potion of brilliance {unknown}
 e - 2 potions of flight {unknown}
 i - 2 potions of curing {unknown}
 j - a potion of agility {unknown}
 m - a potion of might {unknown}
 n - a potion of degeneration {unknown}
 o - a potion of resistance {unknown}
 p - 2 potions of lignification {unknown}
Comestibles
 d - 5 rations


   Skills:
 + Level 1.0 Fighting
 + Level 1.0 Short Blades
 + Level 1.0 Long Blades
 + Level 1.0 Axes
 + Level 1.0 Maces & Flails
 + Level 1.0 Polearms
 + Level 1.0 Staves
 + Level 1.0 Slings
 + Level 1.0 Bows
 + Level 1.0 Crossbows
 + Level 1.0 Throwing
 + Level 1.0 Armour
 + Level 4.6 Dodging
 + Level 4.2 Stealth
 + Level 1.0 Shields
 + Level 1.0 Unarmed Combat
 + Level 7.1 Spellcasting
 + Level 2.1 Conjurations
 + Level 0.7 Hexes
 + Level 0.7 Charms
 + Level 2.1 Summonings
 + Level 0.7 Necromancy
 + Level 2.1 Translocations
 + Level 0.7 Transmutations
 + Level 0.7 Fire Magic
 + Level 0.7 Ice Magic
 + Level 0.7 Air Magic
 + Level 0.7 Earth Magic
 + Level 0.7 Poison Magic
 + Level 1.0 Invocations
 + Level 1.0 Evocations


You had 3 spell levels left.
You knew the following spells:

 Your Spells              Type           Power        Failure   Level  Hunger
a - Magic Dart            Conj           ###.         3%          1    None
b - Blink                 Tloc           N/A          5%          2    None
c - Call Imp              Summ           ###.....     5%          2    None
d - Slow                  Hex            ##......     10%         2    None
e - Conjure Flame         Conj/Fire      ##......     14%         3    None
f - Mephitic Cloud        Conj/Pois/Air  ##......     16%         3    None

Your spell library contained the following spells:

 Spells                   Type           Power        Failure   Level  Hunger


Dungeon Overview and Level Annotations

Branches:
Dungeon (2/15)

Altars:


Innate Abilities, Weirdness & Mutations

Your experience applies equally to all skills.
You have very sharp teeth.
Your uncanny sense of smell can sniff out nearby items.


Message History

There is an open door here.
You feel sick. The adder closely misses you.
You feel sick.
You are no longer poisoned.
The adder bites you but does no damage.
You see here a hunting sling.
The adder bites you.
* * * LOW HITPOINT WARNING * * *
There is an open door here.
The adder bites you.
* * * LOW HITPOINT WARNING * * *
You are lethally poisoned!
The adder poisons you!
* * * LOW HITPOINT WARNING * * *
You feel sick.
* * * LOW HITPOINT WARNING * * *
You feel sick. The adder bites you.
You die...

## .. ##...## .#
##....... .# ##+##
#........ .# ##...##
#........ .# ##.....##
#.#....# .###.......##
#......#
.##.........####.....#
..'.......).'..S@...#
###.........####...##
##.......## ##..# #
##.....## ##.# ##
##...## #.# .# ##'##
#.# ## #.# #.# #
#.##########.# #
##.#..........#


You could see an adder.

Vanquished Creatures
  A hound (D:2)
  A dart slug (D:2)
  2 ball pythons (D:2)
  5 bats
  3 giant cockroaches
  5 hobgoblins (D:2)
  A quokka (D:2)
  2 frilled lizards
  5 goblins
  2 kobolds
  3 rats
30 creatures vanquished.

Vanquished Creatures (collateral kills)
  A dart slug (D:2)
  A goblin (D:2)
  A rat (D:2)
3 creatures vanquished.

Grand Total: 33 creatures vanquished

Notes
Turn   | Place    | Note
-------+----------+-------------------------------------------
     0 | D:1      | Elric the Gnoll Wizard began the quest for the Orb.
     0 | D:1      | Reached XP level 1. HP: 13/13 MP: 8/8
   290 | D:1      | Reached XP level 2. HP: 19/19 MP: 8/10
   412 | D:1      | You fall through a shaft!
   606 | D:2      | Reached XP level 3. HP: 18/25 MP: 4/11
   797 | D:2      | Learned a level 2 spell: Blink
   800 | D:2      | Learned a level 2 spell: Call Imp
   803 | D:2      | Learned a level 2 spell: Slow
   807 | D:2      | Learned a level 3 spell: Conjure Flame
   811 | D:2      | Learned a level 3 spell: Mephitic Cloud
  1233 | D:2      | Reached skill level 1 in Fighting
  1233 | D:2      | Reached skill level 1 in Short Blades
  1233 | D:2      | Reached skill level 1 in Long Blades
  1233 | D:2      | Reached skill level 1 in Axes
  1233 | D:2      | Reached skill level 1 in Maces & Flails
  1233 | D:2      | Reached skill level 1 in Polearms
  1233 | D:2      | Reached skill level 1 in Staves
  1233 | D:2      | Reached skill level 1 in Slings
  1233 | D:2      | Reached skill level 1 in Bows
  1233 | D:2      | Reached skill level 1 in Crossbows
  1233 | D:2      | Reached skill level 1 in Throwing
  1233 | D:2      | Reached skill level 1 in Armour
  1233 | D:2      | Reached skill level 1 in Shields
  1233 | D:2      | Reached skill level 1 in Unarmed Combat
  1233 | D:2      | Reached skill level 1 in Invocations
  1233 | D:2      | Reached skill level 1 in Evocations
  1425 | D:2      | HP: 1/26 [poisoned by an adder]
  1426 | D:2      | Slain by an adder

Skill      XL: |  1  2  3 |
---------------+----------+-----
Conjurations   | 2 |  2.1
Summonings     | 2 |  2.1
Translocations | 2 |  2.1
Fighting       | 1 |  1.0
Short Blades   | 1 |  1.0
Long Blades    | 1 |  1.0
Axes           | 1 |  1.0
Maces & Flails | 1 |  1.0
Polearms       | 1 |  1.0
Staves         | 1 |  1.0
Slings         | 1 |  1.0
Bows           | 1 |  1.0
Crossbows      | 1 |  1.0
Throwing       | 1 |  1.0
Armour         | 1 |  1.0
Shields        | 1 |  1.0
Unarmed Combat | 1 |  1.0
Invocations    | 1 |  1.0
Evocations     | 1 |  1.0
Dodging        | |  4.6
Stealth        | |  4.2
Spellcasting   | |  7.1
Hexes          | |  0.7
Charms         | |  0.7
Necromancy     | |  0.7
Transmutations | |  0.7
Fire Magic     | |  0.7
Ice Magic      | |  0.7
Air Magic      | |  0.7
Earth Magic    | |  0.7
Poison Magic   | |  0.7

Action                   || total
-------------------------++-------
Melee: Unarmed           ||     1
 Cast: Magic Dart        ||    71
       Call Imp          ||     3
       Mephitic Cloud    ||     1
  Use: Scroll            ||     1
  Eat: Chunk             ||     1
Armor: Robe              ||     9
Dodge: Dodged            ||    41
